 Dungeon Crawl Stone Soup version 0.19-a0-1670-gc28a5d9 (webtiles) character file.

753358 PurpleRed the Archmage (level 27, -12/150 HPs)
             Began as a Deep Elf Conjurer on Sept 20, 2016.
             Was the Champion of Vehumet.
             Mangled by a Hell Sentinel (15 damage)
             ... on level 22 of a ziggurat on Sept 21, 2016.
             The game lasted 06:12:02 (21390 turns).

PurpleRed the Archmage (Deep Elf Conjurer)         Turns: 21390, Time: 06:12:03

Health: -12/150    AC: 18    Str:  5    XL:     27
Magic:  2/65       EV: 26    Int: 38    God:    Vehumet [******]
Gold:   2503       SH:  8    Dex: 18    Spells: 17 memorised, 9 levels left

rFire  + + .     SeeInvis +     a - staff of conjuration
rCold  + + +     Gourm    .     N - +1 robe {rN+}
rNeg   + + +     Faith    .     p - +3 buckler {AC+3}
rPois  +         Spirit   .     R - -2 hat of the Alchemist {rElec rPois rF+ rC+ rN+ MR+ rMut rCorr}
rElec  +         Dismiss  .     Q - +2 cloak of the Burgomaster {rN+ rCorr}
rCorr  +         Reflect  .     D - +2 pair of gloves {Dex+3}
rMut   +         Harm     .     M - +3 pair of boots of the Greedy {*Contam rPois rF+ MR+}
MR     +++++     Clarity  +     B - amulet of the Four Winds {rN+ MR+++ Clar}
Stlth  ++........ NoTele   +    i - ring of Xole {MR+ MP+9}
                                C - ring "Caaxka" {Wiz -Tele rC++ MR+ Int+4 SInv}

@: sap magic, studying 2 skills, repel missiles, magic sapped
A: iridescent scales 1, slimy green scales 1
a: Renounce Religion
}: 5/15 runes: decaying, serpentine, slimy, silver, golden


You were on level 22 of a ziggurat.
You worshipped Vehumet.
Vehumet was exalted by your worship.
You were not hungry.

You visited 12 branches of the dungeon, and saw 52 of its levels.
You visited 2 bazaars.
You visited 1 ziggurat, and saw 22 of its levels.
You also visited: Labyrinth, Ossuary and Volcano.

You collected 5863 gold pieces.
You spent 3360 gold pieces at shops.

Inventory:

Hand Weapons
 c - a +9 short sword of protection
Armour
 p - a +3 buckler of protection (worn)
 y - the +0 ring mail of the Barracuda {Int+8}
   (You bought it in a shop in a bazaar)

   It affects your intelligence (+8).
 D - a +2 pair of gloves of dexterity (worn)
 K - a +2 cloak
 M - the +3 pair of boots of the Greedy (worn) {*Contam rPois rF+ MR+}
   (You found it on level 19 of a ziggurat)

   It protects you from fire.
   It protects you from poison.
   It affects your resistance to hostile enchantments.
   It causes magical contamination when unequipped.
 N - a +1 robe of positive energy (worn)
 O - a +2 troll leather armour
 Q - the +2 cloak of the Burgomaster (worn) {rN+ rCorr}
   (You found it on level 21 of a ziggurat)

   It protects you from negative energy.
   It protects you from acid and corrosion.
 R - the -2 hat of the Alchemist (worn) {rElec rPois rF+ rC+ rN+ MR+ rMut rCorr}
   (You found it on level 5 of the Pits of Slime)

   It protects you from fire.
   It protects you from cold.
   It insulates you from electricity.
   It protects you from poison.
   It protects you from negative energy.
   It affects your resistance to hostile enchantments.
   It protects you from acid and corrosion.
   It protects you from mutation.
Magical Staves
 a - an uncursed staff of conjuration (weapon)
 b - an uncursed staff of earth
 t - an uncursed staff of energy
 X - an uncursed staff of fire
Jewellery
 g - an uncursed amulet of magic regeneration
 i - the ring of Xole (right hand) {MR+ MP+9}
   (You found it on level 1 of the Lair of Beasts)

   [ring of magical power]

   It affects your resistance to hostile enchantments.
   It affects your magic capacity (+9).
 x - the ring of Cowardice {Fire rPois Str+4 Int+2}
   (You found it on level 3 of a ziggurat)

   [ring of fire]

   It enhances your fire magic.
   It affects your strength (+4).
   It affects your intelligence (+2).
   It protects you from fire.
   It makes you vulnerable to cold.
   It protects you from poison.
 A - an uncursed ring of flight
 B - the amulet of the Four Winds (around neck) {rN+ MR+++ Clar}
   (You bought it in a shop in a bazaar)

   [amulet of nothing]

   It protects you from negative energy.
   It affects your resistance to hostile enchantments.
   It protects you against confusion.
 C - the ring "Caaxka" (left hand) {Wiz -Tele rC++ MR+ Int+4 SInv}
   (You found it on level 3 of the Tomb of the Ancients)

   [ring of wizardry]

   It improves your spell success rate.
   It affects your intelligence (+4).
   It greatly protects you from cold.
   It affects your resistance to hostile enchantments.
   It lets you see invisible.
   It prevents most forms of teleportation.
 P - an uncursed ring of positive energy
 Y - the ring "Itsekal" {Fire Str-3 Int+4 Stlth+}
   (You found it on level 17 of a ziggurat)

   [ring of fire]

   It enhances your fire magic.
   It affects your strength (-3).
   It affects your intelligence (+4).
   It protects you from fire.
   It makes you vulnerable to cold.
   It makes you more stealthy.
Wands
 F - a wand of digging (7/24)
 L - a wand of teleportation (6/9)
 S - a wand of heal wounds (5/9)
Scrolls
 d - 6 scrolls of amnesia
 h - 7 scrolls of blinking
 r - 8 scrolls of remove curse
 u - 16 scrolls of recharging
 w - 15 scrolls of teleportation
 H - a scroll of fear
 I - 7 scrolls of identify
 V - 3 scrolls of magic mapping
 Z - 10 scrolls of fog
Potions
 e - 5 potions of cancellation
 f - 2 potions of heal wounds
 j - 2 potions of agility
 l - 4 potions of haste
 m - a potion of resistance
 n - 6 potions of flight
 o - 4 potions of brilliance
 q - 10 potions of curing
 s - 2 potions of magic
 z - 2 potions of ambrosia
 J - 8 potions of cure mutation
 U - a potion of invisibility
Books
 k - a manual of Dodging
 E - a manual of Necromancy
Miscellaneous
 W - a phial of floods
Comestibles
 G - 6 meat rations
 T - 4 royal jellies


   Skills:
 + Level 9.5 Fighting
 + Level 16.5 Dodging
 - Level 2.4 Stealth
 - Level 4.0 Shields
 O Level 27 Spellcasting
 + Level 24.2 Conjurations
 - Level 10.2 Charms
 - Level 5.0 Necromancy
 - Level 17.1 Translocations
 - Level 21.9 Fire Magic
 - Level 22.3 Earth Magic
 - Level 13.2 Evocations


You had 9 spell levels left.
You knew the following spells:

 Your Spells              Type           Power        Failure   Level  Hunger
a - Lee's Rapid Deconstr  Erth           ########..   1%          5    None
b - Fire Storm            Conj/Fire      ########..   2%          9    None
c - Iskenderun's Mystic   Conj           ########     1%          4    None
d - Iskenderun's Battles  Conj/Chrm      ########     1%          5    None
e - Fireball              Conj/Fire      ########..   1%          5    None
f - Bolt of Fire          Conj/Fire      ########..   1%          6    None
g - Passage of Golubria   Tloc           N/A          1%          4    None
h - Ring of Flames        Chrm/Fire      ########..   1%          7    None
i - Delayed Fireball      Conj/Fire      N/A          1%          7    None
j - Summon Butterflies    Summ           ######..     1%          1    None
k - Passwall              Tmut/Erth      #######...   1%          2    None
l - Iron Shot             Conj/Erth      ########..   1%          6    None
m - Repel Missiles        Chrm/Air       ######       1%          2    None
n - Magic Dart            Conj           ####         1%          1    None
o - Controlled Blink      Tloc           N/A          4%          8    None
q - Apportation           Tloc           ########..   1%          1    None
r - Regeneration          Chrm/Necr      #######...   1%          3    None


Dungeon Overview and Level Annotations

Branches:
Dungeon (15/15)            Temple (1/1) D:5            Lair (6/6) D:10
  Swamp (4/4) Lair:3        Snake (4/4) Lair:4        Slime (5/5) Lair:6
    Orc (2/2) D:12            Elf (3/3) Orc:2        Vaults (5/5) D:13
  Crypt (3/3) Vaults:2       Tomb (3/3) Crypt:3      Depths (1/5) D:15

Altars:
Dithmenos
Elyvilon
Fedhas
Hepliaklqana
Makhleb
Nemelex Xobeh
Okawaru
Qazlal
Ru
Sif Muna
Trog
Uskayaw
Vehumet
Xom
Yredelemnul
Zin
The Shining One
Beogh

Shops:
D:10 **   D:12 [   D:14 ?   Orc:2 %%[(   Vaults:1 !   Vaults:4 [:=   Vaults:5 (

Portals:
Trove: Elf:2 (give 5 potions of resistance)


Innate Abilities, Weirdness & Mutations

You are partially covered in iridescent scales. (AC +2)
You are partially covered in slimy green scales. (AC +2)


Message History

Casting: Fire Storm
Confirm with . or Enter, or press ? or * to list all spells.
Aiming: Fire Storm
Press: ? - help, Dir - move target cursor You feel a surge of power!
A raging storm of fire appears!
The great blast of fire engulfs the Hell Sentinel.
The Hell Sentinel partially resists.
The Hell Sentinel is almost dead.
The great blast of fire engulfs the Hell Sentinel.
The Hell Sentinel partially resists.
The Hell Sentinel is almost dead.
The great blast of fire engulfs the Hell Sentinel.
The Hell Sentinel partially resists.
The Hell Sentinel is almost dead.
Something hits your fire vortex!! Something freezes your fire vortex.
An Ice Fiend comes into view.
Okay, then.
You cannot teleport because you are wearing the ring "Caaxka" {Wiz -Tele rC++ MR+ Int+4 SInv}.
The Hell Sentinel hits you!
You die...

.................▓
#.4..............▓
##.v)........v...▓
#......1§......▓ .
#.............∩▓
.##....§)§§§vv§..▓
##.vvv.....§v§§..▓
#...v.§v..v..v1..▓
.....v§.v)v§§1§.@▓
...v..§§v[§§.§v1.▓
....v1...........▓
....v.▓▓▓▓▓▓▓▓▓▓▓▓
..v...▓ v.....▓
......▓ ......▓
......▓


You could see 3 Hell Sentinels, an Ice Fiend and 8 friendly fire vortices.

Vanquished Creatures
  the Royal Jelly (Slime:5)
  6 pandemonium lords
  7 ancient liches
  2 juggernauts (Zig:10)
  13 greater mummies
  Bai Suzhen (Crypt:3)
  Sojobo (Crypt:2)
  Margery (Crypt:1)
  Frederick (Crypt:3)
  A shard shrike (Zig:7)
  A curse toe (Crypt:3)
  4 Killer Klowns (Zig:14)
  The ghost of tijit the Eclecticist, an adept HEFE of Vehumet (Elf:3)
  Nikola (Snake:1)
  2 bone dragons
  2 Brimstone Fiends
  3 Tzitzimimeh
  3 Ice Fiends
  3 tentacled monstrosities (Vaults:5)
  3 liches
  2 deep elf blademasters (Elf:3)
  4 Hell Sentinels
  A titan (Zig:4)
  3 deep elf master archers
  7 Executioners
  17 acid blobs
  A sphinx (shapeshifter) (Zig:14)
  11 sphinxes
  3 tentacled starspawn (Zig:17)
  Gastronok (Lair:2)
  17 ancient champions
  5 shadow dragons (Vaults:5)
  5 tengu reavers
  3 thorn hunters
  10 greater nagas
  2 storm dragons (Vaults:5)
  7 revenants
  9 azure jellies
  Donald (Snake:1)
  5 draconian monks
  3 fire giants (Vaults:5)
  Aizul (Elf:3)
  5 frost giants
  An orc warlord (Zig:10)
  4 ghost moths (Zig:16)
  An iron dragon (shapeshifter) (Zig:14)
  4 cacodemons
  10 vault wardens
  3 draconian scorchers
  5 curse skulls
  6 balrugs
  8 draconian knights
  3 draconian zealots
  7 deep elf elementalists
  An iron dragon (Vaults:5)
  A draconian shifter (Zig:19)
  11 deep elf sorcerers
  7 draconian annihilators
  4 warmongers
  11 ironheart preservers
  2 emperor scorpions (Zig:16)
  16 ghouls
  3 war gargoyles (Vaults:5)
  4 draconian callers (Zig:19)
  2 caustic shrike skeletons
  9 blood saints
  11 vampire knights
  7 stone giants
  5 entropy weavers (Zig:16)
  3 black draconians
  5 very ugly things
  2 corrupters
  4 white draconians (Zig:19)
  4 chaos champions
  3 purple draconians
  4 bennus
  3 lorocyprocas
  Azrael (D:14)
  2 mottled draconians
  12 deep elf demonologists
  A dire elephant (shapeshifter) (Zig:14)
  12 deep elf annihilators
  4 red draconians
  9 death oozes
  17 deep elf death magi
  3 ettins (Vaults:5)
  2 fire dragons
  9 eidola
  A minotaur (Lab)
  2 green deaths
  2 blizzard demons
  10 mummy priests
  5 yaktaur captains
  12 jiangshi
  4 deep elf high priests
  3 ice dragons
  27 hydras
  6 great orbs of eyes
  A catoblepas (shapeshifter) (Zig:14)
  8 naga warriors
  A catoblepas (Lair:4)
  A spriggan air mage (Zig:21)
  2 hell beasts (Zig:22)
  34 vault guards
  An alligator (Swamp:3)
  3 merfolk aquamancers (Zig:21)
  7 anacondas
  2 centaur warriors (Vaults:2)
  3 death knights
  A hell hog (Zig:17)
  16 dancing weapons
  5 death yaks (Lair:4)
  90 death scarabs
  7 naga sharpshooters
  12 ogre magi
  13 vampire magi
  3 orc high priests (Zig:10)
  9 shock serpents
  Urug (Lair:4)
  2 soul eaters (Zig:18)
  24 deep elf knights
  A thrashing horror (Zig:17)
  A hellephant skeleton (Crypt:3)
  5 hell knights (Crypt:1)
  A small abomination (Elf:3)
  2 wretched stars (Zig:17)
  2 iron trolls (Zig:10)
  2 salamander mystics (Zig:21)
  5 sixfirhies
  8 shadow wraiths
  19 skeletal warriors
  2 flayed ghosts
  2 shadow demons
  A glowing orange brain (Vaults:3)
  4 deep trolls
  A storm dragon skeleton (Crypt:3)
  8 wizards (Zig:21)
  2 spriggan druids (Swamp:4)
  3 naga ritualists
  7 swamp dragons
  5 shambling mangroves
  2 ironbrand convokers
  A swamp dragon (shapeshifter) (Vaults:5)
  6 hill giants
  A golden dragon skeleton (Tomb:3)
  A lindwurm (shapeshifter) (Zig:12)
  A torturous demonspawn (Zig:22)
  6 necromancers
  8 orc knights
  6 phantasmal warriors
  15 deep elf archers
  A sphinx zombie (Zig:17)
  4 orb spiders (Zig:16)
  2 cyclopes (Orc:1)
  An orb spider (shapeshifter) (Elf:2)
  50 deep elf magi
  A harpy (shapeshifter) (Zig:12)
  8 harpies
  6 orc sorcerers
  4 hornets
  3 salamanders
  A faun (shapeshifter) (D:15)
  3 shining eyes
  2 manticores
  A stone giant zombie (Vaults:5)
  10 wolf spiders
  A worldbinder (Zig:17)
  3 mana vipers (Snake:1)
  2 oklob plants (Lair:3)
  9 ugly things
  A moth of wrath (Zig:10)
  A spriggan zombie (Zig:20)
  17 naga magi
  24 black mambas
  Joseph (D:7)
  13 vault sentinels
  5 guardian serpents
  A smoke demon (Zig:17)
  2 molten gargoyles (Volcano)
  3 gargoyles
  A torpor snail (shapeshifter) (Zig:12)
  An apocalypse crab (Zig:14)
  21 yaktaurs
  23 spiny frogs
  An orange demon (Zig:18)
  A torpor snail (Lair:6)
  A hellion (Zig:18)
  2 rime drakes
  A ghost moth simulacrum (Crypt:3)
  4 demonic crawlers (Zig:16)
  6 komodo dragons
  A dire elephant skeleton (Crypt:3)
  9 freezing wraiths
  2 human skeletons
  An ice devil (Zig:7)
  3 tormentors (Zig:22)
  36 guardian mummies
  A golden dragon simulacrum (Zig:17)
  6 trolls
  2 hellwings
  2 red devils
  9 jumping spiders (Zig:16)
  Grinder (D:4)
  A silent spectre (Zig:17)
  6 tyrant leeches
  A tengu simulacrum (Vaults:1)
  22 two-headed ogres
  A hydra skeleton (Crypt:3)
  4 raiju (Zig:17)
  4 bog bodies
  Prince Ribbit (D:7)
  2 dream sheep (D:9)
  A harpy skeleton (Crypt:1)
  67 slime creatures
  A guardian serpent zombie (Crypt:3)
  A hippogriff (shapeshifter) (Vaults:4)
  A frost giant simulacrum (Zig:7)
  9 blink frogs
  5 hippogriffs
  21 flying skulls
  3 redbacks (Zig:16)
  A ynoxinul (Zig:22)
  2 ettin skeletons
  2 shadows
  3 spriggans (Swamp:4)
  8 wyverns (Lair:6)
  2 air elementals
  3 tarantellas (Zig:16)
  8 large abominations
  A water elemental (Elf:1)
  2 wraiths
  5 fire elementals
  21 yaks
  A neqoxec (Zig:18)
  18 vampire mosquitoes
  9 ushabtiu
  A steam dragon (D:10)
  A basilisk (D:15)
  3 chaos spawn
  A hungry ghost (D:7)
  7 wargs
  3 mottled dragons
  A water nymph zombie (Crypt:2)
  53 nagas
  7 swamp worms
  A putrid demonspawn zombie (Crypt:2)
  A hell hound (D:14)
  A deep troll zombie (Crypt:1)
  13 water moccasins
  A floating eye (Zig:18)
  Duvessa (D:6)
  9 porcupines
  59 ogres
  An ice beast (Zig:7)
  3 sky beasts
  11 swamp drakes
  An eye of draining (Slime:5)
  7 boggarts (Vaults:2)
  2 necrophages (D:10)
  22 orc warriors
  3 phantoms
  17 wasps
  3 black bears
  6 wolves
  A manticore zombie (Crypt:2)
  5 centaurs
  8 crocodiles
  A rime drake zombie (Crypt:3)
  4 big kobolds
  5 bullfrogs
  A cyclops zombie (Crypt:3)
  3 earth elementals
  2 elf skeletons (D:6)
  A hippogriff skeleton (Crypt:3)
  Dowan (D:6)
  A scorpion (D:4)
  12 killer bees
  6 electric eels
  7 wights
  5 howler monkeys
  5 crimson imps
  A wolf skeleton (Crypt:2)
  A bullfrog zombie (D:10)
  17 orc priests
  9 starcursed masses (Zig:17)
  5 hounds
  A human zombie (D:6)
  6 jellies
  19 orc wizards
  2 centaur skeletons
  A gnoll shaman (D:7)
  Crazy Yiuf (D:7)
  A basilisk skeleton (Crypt:3)
  11 iguanas
  A hell rat (Lair:5)
  12 worker ants
  A big kobold zombie (Ossuary)
  A hound zombie (D:10)
  The ghost of PurpleRed the Conjurer, a weakling DECj (D:4)
  35 mummies
  A howler monkey zombie (D:6)
  3 gnolls (D:7)
  13 adders
  32 river rats
  A shadow imp (D:7)
  4 oozes
  A dart slug (D:5)
  4 leopard geckos (D:10)
  59 orcs
  6 bats
  A giant cockroach (D:3)
  6 goblins
  2 hobgoblins (D:3)
  2 jackals (D:3)
  3 quokkas
  3 frilled lizards
  2 gnoll zombies (Ossuary)
  4 hobgoblin zombies (Ossuary)
  9 kobolds
  An orc zombie (Ossuary)
  3 rats
  A rat skeleton (Crypt:1)
  5 crawling corpses (Elf:3)
  2 fire vortices
  A fungus (D:7)
  3 lost souls (Zig:22)
  A starspawn tentacle (Zig:17)
2030 creatures vanquished.

Vanquished Creatures (collateral kills)
  A greater mummy (Zig:20)
  2 liches
  2 sphinxes
  A tengu reaver (Zig:21)
  A draconian scorcher (Zig:19)
  A vault warden (Vaults:5)
  An ironheart preserver (Vaults:3)
  A reaper (Zig:18)
  2 stone giants (Vaults:5)
  A white draconian (Zig:19)
  A deep elf annihilator (Zig:21)
  A black draconian (Zig:19)
  A yellow draconian (Zig:19)
  2 yaktaur captains (Vaults:5)
  A vault guard (Vaults:5)
  2 death scarabs (Tomb:3)
  A wretched star (Zig:17)
  A shadow demon (Zig:22)
  An ironbrand convoker (Vaults:5)
  An orc knight (Vaults:4)
  A large abomination (Zig:17)
  A stone giant skeleton (Crypt:3)
  A dire elephant skeleton (Crypt:3)
  A white draconian zombie (Crypt:1)
  A yaktaur (Vaults:4)
  A demonic crawler (Zig:16)
  A bog body (Zig:5)
  A small abomination (Zig:17)
  3 ogres
  A cyclops zombie (Crypt:1)
  A wight (Crypt:3)
  A yak skeleton (Crypt:3)
  An orc priest (Vaults:4)
  2 mummies (Tomb:3)
  An orc (Vaults:1)
  A starspawn tentacle (Zig:17)
44 creatures vanquished.

Vanquished Creatures (others)
  A blood saint (Zig:22)
  4 death scarabs
  A deep elf mage (Elf:2)
  A black mamba (Lair:6)
  A guardian mummy (Tomb:2)
  6 flying skulls (Tomb:2)
  A yak (Lair:6)
  3 mummies (Tomb:2)
  A ball lightning (Tomb:2)
  2 briar patches (Swamp:4)
  644 fire vortices
  2 fungi
  4 plants
  2 starspawn tentacles (Zig:17)
673 creatures vanquished.

Grand Total: 2747 creatures vanquished

Notes
Turn   | Place    | Note
-------+----------+-------------------------------------------
     0 | D:1      | PurpleRed the Deep Elf Conjurer began the quest for the Orb.
     0 | D:1      | Reached XP level 1. HP: 10/10 MP: 6/6
   161 | D:1      | Reached XP level 2. HP: 15/15 MP: 5/8
   165 | D:1      | Learned a level 2 spell: Searing Ray
   241 | D:2      | Reached skill level 5 in Conjurations
   255 | D:2      | Found a faded altar of an unknown god.
   293 | D:2      | Reached XP level 3. HP: 17/19 MP: 3/10
   494 | D:4      | Noticed PurpleRed's ghost (weakling DECj)
   497 | D:4      | Killed PurpleRed's ghost
   498 | D:4      | Noticed Grinder
   517 | D:3      | Reached skill level 4 in Spellcasting
   615 | D:3      | Reached XP level 4. HP: 19/24 MP: 4/12
   809 | D:4      | Reached XP level 5. HP: 13/28 MP: 7/14
   815 | D:4      | Learned a level 4 spell: Iskenderun's Mystic Blast
   821 | D:4      | Learned a level 5 spell: Iskenderun's Battlesphere
   916 | D:4      | Noticed an ogre
   924 | D:4      | Killed an ogre
   924 | D:4      | Reached skill level 5 in Spellcasting
   924 | D:4      | Reached XP level 6. HP: 27/32 MP: 5/15
   947 | D:5      | Entered Level 5 of the Dungeon
  1042 | D:6      | Noticed a sky beast
  1046 | D:6      | Killed a sky beast
  1082 | D:6      | Noticed a sky beast
  1180 | D:6      | Reached skill level 6 in Spellcasting
  1180 | D:6      | Reached XP level 7. HP: 16/36 MP: 14/18
  1196 | D:6      | Found a sand-covered staircase.
  1243 | Ossuary  | Entered an ossuary
  1583 | D:6      | Noticed Duvessa
  1623 | D:6      | Noticed Dowan
  1625 | D:6      | Killed Duvessa
  1627 | D:6      | Killed Dowan
  1627 | D:6      | Reached skill level 7 in Spellcasting
  1741 | D:6      | Reached skill level 1 in Charms
  1741 | D:6      | Reached XP level 8. HP: 34/41 MP: 17/21
  1959 | D:7      | Noticed Joseph
  1977 | D:7      | Killed Joseph
  2007 | D:7      | Reached skill level 8 in Spellcasting
  2007 | D:7      | Reached skill level 10 in Conjurations
  2281 | D:7      | Reached skill level 5 in Charms
  2307 | D:7      | Noticed a two-headed ogre
  2310 | D:7      | Killed a two-headed ogre
  2310 | D:7      | Reached XP level 9. HP: 44/45 MP: 12/23
  2346 | D:7      | Found a runed door.
  2351 | D:7      | Noticed Crazy Yiuf
  2354 | D:7      | Killed Crazy Yiuf
  2354 | D:7      | Reached skill level 9 in Spellcasting
  2579 | D:7      | Noticed Prince Ribbit
  2585 | D:7      | Killed Prince Ribbit
  2831 | D:4      | Killed Grinder
  2879 | D:5      | Found a staircase to the Ecumenical Temple.
  2885 | Temple   | Entered the Ecumenical Temple
  2895 | Temple   | Became a worshipper of Vehumet
  3108 | D:9      | Found a sacrificial altar of Ru.
  3260 | D:9      | Reached skill level 10 in Spellcasting
  3294 | D:9      | Reached XP level 10. HP: 46/50 MP: 0/26
  3352 | D:9      | Noticed a three-headed hydra
  3357 | D:9      | Killed a three-headed hydra
  3462 | D:10     | Entered Level 10 of the Dungeon
  3759 | D:9      | Got a pitted long sword
  3843 | D:10     | Reached skill level 11 in Spellcasting
  3847 | D:10     | Reached skill level 5 in Dodging
  3903 | D:11     | Noticed a hill giant
  3910 | D:11     | Killed a hill giant
  3932 | D:12     | Found Xocyexkujur's Armour Emporium.
  3963 | D:12     | Found a labyrinth entrance.
  3970 | D:12     | Reached * piety under Vehumet
  3970 | D:12     | Offered knowledge of Shock by Vehumet.
  3982 | Lab      | Entered a labyrinth
  3988 | Lab      | Identified the cursed +1 long sword "Ogasoph" {drain, *Noise rPois Int+3} (You found it on level 9 of the Dungeon)
  4169 | Lab      | Noticed a gargoyle
  4171 | Lab      | Noticed a gargoyle
  4173 | Lab      | Killed a gargoyle
  4228 | Lab      | Killed a gargoyle
  4428 | Lab      | Noticed a minotaur
  4435 | Lab      | Killed a minotaur
  4435 | Lab      | Reached XP level 11. HP: 27/54 MP: 13/28
  4474 | Lab      | Identified a +2 rod of shadows (14/14) (You found it in a labyrinth)
  4498 | D:12     | Found a staircase to the Orcish Mines.
  4580 | D:11     | Noticed a hill giant
  4610 | D:11     | Killed a hill giant
  4660 | D:11     | Reached skill level 12 in Spellcasting
  4739 | D:10     | Found Nudayxt's Assorted Antiques.
  4751 | D:10     | Bought a scroll of magic mapping for 73 gold pieces
  4751 | D:10     | Bought a scroll of identify for 42 gold pieces
  4789 | D:10     | Got a smoking short sword
  4838 | D:10     | Offered knowledge of Sting by Vehumet.
  4879 | D:10     | Noticed a hill giant
  4884 | D:10     | Killed a hill giant
  4884 | D:10     | Reached ** piety under Vehumet
  4935 | D:10     | Found Saiqul's General Store.
  4965 | D:10     | Bought a scroll of immolation for 45 gold pieces
  4982 | D:10     | Identified the cursed +1 short sword of the Median {drain, Str+3 Dex+2} (You found it on level 10 of the Dungeon)
  5075 | D:10     | Found a staircase to the Lair.
  5123 | Lair:1   | Entered Level 1 of the Lair of Beasts
  5144 | Lair:1   | Learned a level 7 spell: Ring of Flames
  5153 | Lair:1   | Got a steaming gossamer ring
  5154 | Lair:1   | Identified the ring of Xole {MR+ MP+9} (You found it on level 1 of the Lair of Beasts)
  5196 | Lair:1   | Reached skill level 15 in Conjurations
  5201 | Lair:1   | Reached skill level 1 in Fire Magic
  5238 | Lair:1   | Offered knowledge of Throw Frost by Vehumet.
  5326 | Lair:2   | Noticed Gastronok
  5337 | Lair:2   | Killed Gastronok
  5337 | Lair:2   | Reached *** piety under Vehumet
  5337 | Lair:2   | Reached skill level 13 in Spellcasting
  5337 | Lair:2   | Reached XP level 12. HP: 59/59 MP: 2/31
  5397 | Lair:2   | Found a glowing golden altar of the Shining One.
  5434 | Lair:2   | Found a dark tunnel.
  5447 | Volcano  | Entered a volcano
  5488 | Volcano  | Found a bloodstained altar of Trog.
  5863 | Lair:3   | Offered knowledge of Inner Flame by Vehumet.
  5876 | Lair:3   | Reached skill level 5 in Fire Magic
  5930 | Lair:3   | Found a sacrificial altar of Ru.
  5986 | Lair:3   | Noticed a seven-headed hydra
  5990 | Lair:3   | Killed a seven-headed hydra
  6102 | Lair:3   | Found a staircase to the Swamp.
  6172 | Lair:3   | Reached skill level 14 in Spellcasting
  6355 | Lair:3   | Noticed a five-headed hydra
  6411 | Lair:3   | Killed a five-headed hydra
  6576 | Lair:5   | Reached **** piety under Vehumet
  6674 | Lair:5   | Noticed a six-headed hydra
  6677 | Lair:5   | Killed a six-headed hydra
  6677 | Lair:5   | Offered knowledge of Olgreb's Toxic Radiance by Vehumet.
  6677 | Lair:5   | Reached XP level 13. HP: 63/63 MP: 33/33
  7007 | Lair:6   | Entered Level 6 of the Lair of Beasts
  7069 | Lair:6   | Reached ***** piety under Vehumet
  7069 | Lair:6   | Offered knowledge of Irradiate by Vehumet.
  7142 | Lair:6   | Found a staircase to the Slime Pits.
  7214 | Lair:6   | Reached skill level 15 in Spellcasting
  7483 | Lair:6   | Learned a level 1 spell: Summon Butterflies
  7631 | Lair:4   | Noticed Urug
  7636 | Lair:4   | Killed Urug
  7745 | Lair:4   | Found a staircase to the Snake Pit.
  7845 | Lair:1   | Reached skill level 16 in Spellcasting
  8016 | Orc:1    | Entered Level 1 of the Orcish Mines
  8061 | Orc:1    | Reached XP level 14. HP: 51/68 MP: 28/36
  8093 | Orc:1    | Offered knowledge of Bolt of Draining by Vehumet.
  8137 | Orc:1    | Found a roughly hewn altar of Beogh.
  8246 | Orc:2    | Entered Level 2 of the Orcish Mines
  8246 | Orc:2    | Found a staircase to the Elven Halls.
  8572 | Orc:1    | Reached skill level 10 in Fire Magic
  8683 | Orc:2    | Learned a level 5 spell: Bolt of Magma
  8875 | Orc:2    | Offered knowledge of Poison Arrow by Vehumet.
  8945 | Orc:2    | Found Focuitan's Food Shoppe.
  8945 | Orc:2    | Found Miujahug's Armour Boutique.
  8946 | Orc:2    | Found Xosozeowyi's Antique Weapon Emporium.
  8946 | Orc:2    | Found Tuifuun's Food Boutique.
  9011 | Elf:1    | Entered Level 1 of the Elven Halls
  9237 | Elf:1    | Learned a level 5 spell: Fireball
  9331 | Elf:1    | Reached skill level 17 in Spellcasting
  9387 | Elf:2    | Noticed a deep elf elementalist
  9392 | Elf:2    | Killed a deep elf elementalist
  9392 | Elf:2    | Reached skill level 10 in Charms
  9401 | Elf:2    | Reached XP level 15. HP: 44/72 MP: 7/38
  9475 | Elf:2    | Reached skill level 1 in Shields
  9486 | Elf:2    | Found a portal to a secret trove of treasure.
  9528 | Elf:2    | Found a flickering gateway to a bazaar.
  9544 | Bazaar   | Entered a bazaar
  9562 | Bazaar   | Found Hizab's General Store.
  9562 | Bazaar   | Found Zient's Book Shoppe.
  9577 | Bazaar   | Found Zumyimm's Food Emporium.
  9577 | Bazaar   | Found Getrae's Jewellery Shoppe.
  9590 | Bazaar   | Found Waus's Book Emporium.
  9590 | Bazaar   | Found Fuwese's General Store.
  9670 | Bazaar   | Bought a book of Fire for 715 gold pieces
  9678 | Bazaar   | Learned a level 7 spell: Delayed Fireball
  9686 | Bazaar   | Learned a level 6 spell: Bolt of Fire
  9693 | Bazaar   | Bought the cursed +0 ring mail of the Barracuda {Int+8} for 272 gold pieces
  9717 | Bazaar   | Bought the amulet of the Four Winds {rN+ MR+++ Clar} for 568 gold pieces
  9731 | Bazaar   | Bought a book of Necromancy for 420 gold pieces
  9735 | Bazaar   | Learned a level 3 spell: Regeneration
  9818 | Elf:3    | Entered Level 3 of the Elven Halls
 10010 | Elf:3    | Found a flickering gateway to a bazaar.
 10031 | Bazaar   | Entered a bazaar
 10031 | Bazaar   | Found Cava's Food Boutique.
 10031 | Bazaar   | Found Zeun's Antique Weapon Shop.
 10031 | Bazaar   | Found Riosurec's Weapon Boutique.
 10031 | Bazaar   | Found Vassouha's Food Shop.
 10031 | Bazaar   | Found Jehaxkeu's Food Boutique.
 10116 | Elf:3    | Noticed tijit's ghost (adept HEFE)
 10136 | Elf:3    | Killed tijit's ghost
 10252 | Elf:3    | Noticed a deep elf sorcerer
 10255 | Elf:3    | Killed a deep elf sorcerer
 10256 | Elf:3    | Reached skill level 1 in Fighting
 10272 | Elf:3    | Noticed a deep elf master archer
 10273 | Elf:3    | Killed a deep elf master archer
 10280 | Elf:3    | Noticed a deep elf sorcerer
 10283 | Elf:3    | Killed a deep elf sorcerer
 10287 | Elf:3    | Noticed a deep elf sorcerer
 10288 | Elf:3    | Noticed a deep elf blademaster
 10288 | Elf:3    | Killed a deep elf sorcerer
 10290 | Elf:3    | Killed a deep elf blademaster
 10290 | Elf:3    | Offered knowledge of Conjure Ball Lightning by Vehumet.
 10414 | Elf:3    | Noticed a deep elf sorcerer
 10424 | Elf:3    | Killed a deep elf sorcerer
 10429 | Elf:3    | Noticed Aizul
 10432 | Elf:3    | Noticed a deep elf master archer
 10553 | Elf:3    | Killed Aizul
 10587 | Elf:3    | Reached XP level 16. HP: 71/84 MP: 28/39
 10631 | Elf:3    | Reached ****** piety under Vehumet
 10674 | Elf:3    | Reached skill level 15 in Fire Magic
 10681 | Elf:3    | Reached skill level 5 in Fighting
 10718 | Elf:3    | Killed a deep elf master archer
 10736 | Elf:3    | Got a transparent silver amulet
 10737 | Elf:3    | Identified the amulet "Jeteemet" {Harm *Drain rPois Slay+3} (You took it off a deep elf death mage on level 3 of the Elven Halls)
 10749 | Elf:3    | Noticed a deep elf blademaster
 10752 | Elf:3    | Killed a deep elf blademaster
 10800 | Elf:3    | Identified the Compendium of Fetching Intoxication
 10818 | Elf:3    | Identified the Grimoire of Confrontation and Weightlessness
 10822 | Elf:3    | Identified the Almanac of Creation and the Compass
 10828 | Elf:3    | Learned a level 1 spell: Apportation
 10845 | Elf:3    | Got a pitted fire dragon armour
 10848 | Elf:3    | Got a faintly glowing shadow dragon armour
 10903 | Elf:3    | Identified the +5 fire dragon armour of Impatience {rElec rF++ rC- Int+2 Dex+4} (You found it on level 3 of the Elven Halls)
 10913 | Elf:3    | Identified the +1 shadow dragon armour of Huestede {+Fly rN++ Str-3 Dex+4 Stlth++++} (You found it on level 3 of the Elven Halls)
 10919 | Elf:3    | Got a warped ring mail
 10925 | Elf:3    | Identified the cursed +0 ring mail of Saytyn {+Blink rN+ Dex-3} (You found it on level 3 of the Elven Halls)
 11023 | Elf:2    | Noticed a Brimstone Fiend
 11198 | Lair:1   | Learned a level 6 spell: Iron Shot
 11260 | Swamp:1  | Entered Level 1 of the Swamp
 11360 | Swamp:2  | You fall through a shaft!
 11424 | Swamp:4  | Entered Level 4 of the Swamp
 11658 | Swamp:4  | Reached skill level 18 in Spellcasting
 11711 | Swamp:4  | Offered knowledge of Spellforged Servitor by Vehumet.
 11714 | Swamp:4  | Reached XP level 17. HP: 92/92 MP: 10/41
 11917 | Swamp:4  | Got a decaying rune of Zot
 12096 | Snake:1  | Entered Level 1 of the Snake Pit
 12105 | Snake:1  | Reached skill level 1 in Translocations
 12336 | Snake:1  | Noticed Nikola
 12363 | Snake:1  | Offered knowledge of Ozocubu's Refrigeration by Vehumet.
 12369 | Snake:1  | Killed Nikola
 12474 | Snake:2  | Reached skill level 1 in Necromancy
 12867 | Snake:4  | Entered Level 4 of the Snake Pit
 12938 | Snake:4  | Reached skill level 5 in Translocations
 13082 | Snake:4  | Reached skill level 19 in Spellcasting
 13236 | Snake:4  | Reached XP level 18. HP: 98/98 MP: 35/43
 13284 | Snake:4  | Got a serpentine rune of Zot
 13298 | Snake:4  | Reached skill level 5 in Necromancy
 13440 | Snake:1  | Noticed Donald
 13443 | Snake:1  | Killed Donald
 13443 | Snake:1  | Offered knowledge of Bolt of Cold by Vehumet.
 13618 | Slime:1  | Entered Level 1 of the Pits of Slime
 13770 | Slime:3  | Learned a level 4 spell: Passage of Golubria
 13773 | Slime:3  | Learned a level 2 spell: Passwall
 13786 | Slime:4  | Reached skill level 1 in Earth Magic
 13838 | Slime:5  | Entered Level 5 of the Pits of Slime
 14020 | Slime:5  | Noticed the Royal Jelly
 14029 | Slime:5  | Killed the Royal Jelly
 14029 | Slime:5  | Reached skill level 20 in Spellcasting
 14052 | Slime:5  | Reached skill level 5 in Earth Magic
 14158 | Slime:5  | Got a slimy rune of Zot
 14163 | Slime:5  | Identified a -1 rod of ignition (12/12) (You found it on level 5 of the Pits of Slime)
 14562 | D:14     | Learned a level 9 spell: Fire Storm
 14589 | D:15     | Entered Level 15 of the Dungeon
 14645 | D:15     | Found a staircase to the Depths.
 14692 | Depths:1 | Entered Level 1 of the Depths
 14717 | D:14     | Found Edynnal's Magic Scroll Emporium.
 14726 | D:14     | Bought a scroll of remove curse for 48 gold pieces
 14726 | D:14     | Bought a scroll of recharging for 152 gold pieces
 14726 | D:14     | Bought a scroll of remove curse for 48 gold pieces
 14726 | D:14     | Bought a scroll of blinking for 120 gold pieces
 14726 | D:14     | Bought a scroll of identify for 32 gold pieces
 14752 | D:14     | Noticed Azrael
 14760 | D:14     | Reached XP level 19. HP: 98/102 MP: 31/45
 14763 | D:14     | Killed Azrael
 14785 | D:14     | Found a white marble altar of Elyvilon.
 14823 | D:13     | Offered knowledge of Glaciate by Vehumet.
 14823 | D:13     | Offered knowledge of Shatter by Vehumet.
 14823 | D:13     | Offered knowledge of Tornado by Vehumet.
 14884 | D:13     | Found a glowing golden altar of the Shining One.
 14906 | D:13     | Found a gate to the Vaults.
 14927 | Vaults:1 | Entered Level 1 of the Vaults
 15022 | Vaults:1 | Found Ynlenin's Distillery.
 15062 | Vaults:1 | Bought a potion of magic for 120 gold pieces
 15062 | Vaults:1 | Bought a potion of heal wounds for 75 gold pieces
 15062 | Vaults:1 | Bought a potion of haste for 150 gold pieces
 15356 | Vaults:4 | Found Suptuta's Jewellery Emporium.
 15400 | Vaults:4 | Found Cufotten's Book Boutique.
 15464 | Vaults:5 | Entered Level 5 of the Vaults
 15470 | Vaults:5 | Reached skill level 21 in Spellcasting
 15781 | Vaults:5 | Reached XP level 20. HP: 92/108 MP: 28/47
 16073 | Vaults:5 | Reached skill level 22 in Spellcasting
 16210 | Vaults:5 | Got a faintly glowing glass ring
 16224 | Vaults:5 | Found Haatareh's Antique Weapon Boutique.
 16258 | Vaults:5 | Got a silver rune of Zot
 16260 | Vaults:5 | Identified the ring "Sinioqeemui" {+Blink MR+ Str+4 Stlth-} (You took it off a vault warden on level 5 of the Vaults)
 16713 | Vaults:5 | Learned a level 2 spell: Repel Missiles
 16913 | Vaults:4 | Reached skill level 1 in Evocations
 16925 | Vaults:4 | Found Ynguret's Antique Armour Boutique.
 16929 | Vaults:4 | Reached XP level 21. HP: 112/112 MP: 49/49
 17073 | Vaults:3 | Reached skill level 23 in Spellcasting
 17191 | Vaults:2 | Upgraded the game from 0.19-a0-1655-gdd95918 to 0.19-a0-1670-gc28a5d9
 17224 | Vaults:2 | Learned a level 5 spell: Lee's Rapid Deconstruction
 17305 | Vaults:2 | Reached skill level 5 in Evocations
 17338 | Vaults:2 | Found a staircase to the Crypt.
 17351 | Crypt:1  | Entered Level 1 of the Crypt
 17366 | Crypt:1  | Noticed Margery
 17375 | Crypt:1  | Killed Margery
 17485 | Crypt:2  | Noticed Sojobo
 17525 | Crypt:2  | Killed Sojobo
 17686 | Crypt:3  | Entered Level 3 of the Crypt
 17764 | Crypt:3  | Noticed Bai Suzhen
 17779 | Crypt:3  | Killed Bai Suzhen
 17860 | Crypt:3  | Noticed Frederick
 17863 | Crypt:3  | Killed Frederick
 17863 | Crypt:3  | Reached skill level 10 in Evocations
 17939 | Crypt:3  | Noticed a curse toe
 17978 | Crypt:3  | Reached XP level 22. HP: 50/116 MP: 45/51
 17979 | Crypt:3  | Killed a curse toe
 18128 | Crypt:3  | Noticed an ancient lich
 18128 | Crypt:3  | Noticed an ancient lich
 18131 | Crypt:3  | Killed an ancient lich
 18131 | Crypt:3  | Killed an ancient lich
 18131 | Crypt:3  | Reached skill level 24 in Spellcasting
 18133 | Crypt:3  | Noticed an ancient lich
 18140 | Crypt:3  | Killed an ancient lich
 18333 | Crypt:3  | Found a staircase to the Tomb.
 18344 | Tomb:1   | Entered Level 1 of the Tomb of the Ancients
 18854 | Tomb:3   | Entered Level 3 of the Tomb of the Ancients
 18962 | Tomb:3   | Reached XP level 23. HP: 72/118 MP: 53/53
 18962 | Tomb:3   | Reached skill level 25 in Spellcasting
 18983 | Tomb:3   | Noticed a greater mummy
 18983 | Tomb:3   | Noticed a greater mummy
 18984 | Tomb:3   | Noticed a greater mummy
 18985 | Tomb:3   | Killed a greater mummy
 18985 | Tomb:3   | Killed a greater mummy
 18985 | Tomb:3   | Killed a greater mummy
 18986 | Tomb:3   | Noticed a greater mummy
 18987 | Tomb:3   | Killed a greater mummy
 18987 | Tomb:3   | Killed a greater mummy
 18988 | Tomb:3   | Noticed a greater mummy
 19083 | Tomb:3   | Killed a greater mummy
 19085 | Tomb:3   | Noticed a greater mummy
 19086 | Tomb:3   | Killed a greater mummy
 19086 | Tomb:3   | Reached skill level 10 in Translocations
 19105 | Tomb:3   | Noticed a greater mummy
 19106 | Tomb:3   | Killed a greater mummy
 19117 | Tomb:3   | Noticed a greater mummy
 19120 | Tomb:3   | Killed a greater mummy
 19215 | Tomb:3   | Got an opalescent robe
 19257 | Tomb:3   | Identified the cursed +0 robe of Paazympi {rF- Dex+3 Stlth+} (You found it on level 3 of the Tomb of the Ancients)
 19337 | Tomb:3   | Got a golden rune of Zot
 19365 | Tomb:3   | Identified the Handbook of Cankerous Lightness
 19367 | Tomb:3   | Got a coiled granite ring
 19373 | Tomb:3   | Identified the ring "Caaxka" {Wiz -Tele rC++ MR+ Int+4 SInv} (You found it on level 3 of the Tomb of the Ancients)
 19683 | Vaults:1 | Bought a potion of haste for 150 gold pieces
 19683 | Vaults:1 | Bought a potion of cancellation for 120 gold pieces
 19683 | Vaults:1 | Bought a potion of curing for 45 gold pieces
 19683 | Vaults:1 | Bought a potion of curing for 45 gold pieces
 19683 | Vaults:1 | Bought a potion of brilliance for 60 gold pieces
 19683 | Vaults:1 | Bought a potion of agility for 60 gold pieces
 19809 | Zig:1    | Entered Level 1 of a ziggurat
 19834 | Zig:2    | Entered Level 2 of a ziggurat
 19860 | Zig:3    | Entered Level 3 of a ziggurat
 19861 | Zig:3    | Noticed Tink the pandemonium lord
 19864 | Zig:3    | Killed Tink the pandemonium lord
 19872 | Zig:3    | Got a scorched marble ring
 19880 | Zig:3    | Identified the ring of Cowardice {Fire rPois Str+4 Int+2} (You found it on level 3 of a ziggurat)
 19884 | Zig:4    | Entered Level 4 of a ziggurat
 19918 | Zig:5    | Entered Level 5 of a ziggurat
 19936 | Zig:5    | Reached skill level 26 in Spellcasting
 19936 | Zig:5    | Reached XP level 24. HP: 123/123 MP: 55/55
 19950 | Zig:6    | Entered Level 6 of a ziggurat
 19966 | Zig:6    | Got a fine leather armour
 19980 | Zig:6    | Identified the +1 leather armour of Morality {rPois Int-2 Slay+5 Stlth-} (You found it on level 6 of a ziggurat)
 19983 | Zig:7    | Entered Level 7 of a ziggurat
 19989 | Zig:7    | Noticed a shard shrike
 19991 | Zig:7    | Killed a shard shrike
 20012 | Zig:7    | Gained mutation: You evolve. [potion of beneficial mutation]
 20015 | Zig:8    | Entered Level 8 of a ziggurat
 20026 | Zig:8    | Reached XP level 25. HP: 128/128 MP: 55/55
 20045 | Zig:8    | Gained mutation: Armour fits poorly on your strangely shaped body. [evolution]
 20075 | Zig:9    | Entered Level 9 of a ziggurat
 20084 | Zig:9    | Noticed an ancient lich
 20087 | Zig:9    | Killed an ancient lich
 20087 | Zig:9    | Reached skill level 15 in Translocations
 20104 | Zig:9    | Reached XP level 26. HP: 133/133 MP: 55/55
 20132 | Zig:10   | Entered Level 10 of a ziggurat
 20139 | Zig:10   | Noticed a juggernaut
 20141 | Zig:10   | Noticed a juggernaut
 20142 | Zig:10   | Killed a juggernaut
 20144 | Zig:10   | Killed a juggernaut
 20171 | Zig:11   | Entered Level 11 of a ziggurat
 20217 | Zig:11   | Reached skill level 27 in Spellcasting
 20225 | Zig:12   | Entered Level 12 of a ziggurat
 20236 | Zig:12   | Reached XP level 27. HP: 137/137 MP: 56/56
 20253 | Zig:12   | Identified the amulet "Dirch" {Faith *Slow MR+ Str+4 Dex+7} (You found it on level 12 of a ziggurat)
 20295 | Zig:13   | Entered Level 13 of a ziggurat
 20310 | Zig:13   | Killed an ancient lich
 20312 | Zig:13   | Reached skill level 10 in Earth Magic
 20321 | Zig:13   | Identified the Papyrus of Spatial Conjuration
 20351 | Zig:14   | Entered Level 14 of a ziggurat
 20371 | Zig:14   | Noticed Papp the pandemonium lord
 20374 | Zig:14   | Noticed Etojikh the pandemonium lord
 20374 | Zig:14   | Noticed Roideusu the pandemonium lord
 20375 | Zig:14   | Killed Papp the pandemonium lord
 20379 | Zig:14   | Killed Etojikh the pandemonium lord
 20380 | Zig:14   | Killed Roideusu the pandemonium lord
 20391 | Zig:14   | Got a pair of blackened gloves
 20402 | Zig:14   | Identified the +2 pair of gloves "Alon Nerea" {rElec} (You found it on level 14 of a ziggurat)
 20414 | Zig:15   | Entered Level 15 of a ziggurat
 20449 | Zig:15   | Noticed an ancient lich
 20450 | Zig:15   | Killed an ancient lich
 20451 | Zig:15   | Reached skill level 15 in Earth Magic
 20466 | Zig:15   | Lost mutation: Armour fits poorly on your strangely shaped body. [potion of cure mutation]
 20466 | Zig:15   | Lost mutation: You evolve. [potion of cure mutation]
 20467 | Zig:15   | Gained mutation: You are partially covered in slimy green scales. (AC +2) [potion of beneficial mutation]
 20499 | Zig:16   | Entered Level 16 of a ziggurat
 20593 | Zig:17   | Entered Level 17 of a ziggurat
 20691 | Zig:17   | Got a wavering golden ring
 20693 | Zig:17   | Identified the ring "Itsekal" {Fire Str-3 Int+4 Stlth+} (You found it on level 17 of a ziggurat)
 20706 | Zig:17   | Identified the Tome of the Ten Songs
 20712 | Zig:17   | Got a ring of the Octopus King
 20714 | Zig:17   | Identified a ring of the Octopus King {Wiz AC+1 EV+1 Str+1 Int+1 Dex+1} (You found it on level 17 of a ziggurat)
 20723 | Zig:18   | Entered Level 18 of a ziggurat
 20748 | Zig:18   | Noticed Kiceligob the pandemonium lord
 20751 | Zig:18   | Killed Kiceligob the pandemonium lord
 20768 | Zig:18   | Got a pair of fine boots
 20779 | Zig:18   | Identified the +0 pair of boots of Cheibriados {Regen+} (You found it on level 18 of a ziggurat)
 20781 | Zig:18   | Got a crude pewter ring
 20783 | Zig:18   | Identified the cursed ring "Yrecuasa" {rN++ Int-2 Dex-3 SInv Stlth+} (You found it on level 18 of a ziggurat)
 20793 | Zig:18   | Gained mutation: You are partially covered in iridescent scales. (AC +2) [potion of beneficial mutation]
 20812 | Zig:19   | Entered Level 19 of a ziggurat
 20913 | Zig:19   | Identified the +3 pair of boots of the Greedy {*Contam rPois rF+ MR+} (You found it on level 19 of a ziggurat)
 20926 | Zig:19   | Identified The Incunabulum of Greatest Risks and Utility
 20936 | Zig:19   | Learned a level 8 spell: Controlled Blink
 20970 | Zig:19   | Got a fine helmet
 20981 | Zig:19   | Identified the +1 helmet of Contentment {rN+ Dex+3} (You found it on level 19 of a ziggurat)
 20999 | Zig:20   | Entered Level 20 of a ziggurat
 21011 | Zig:20   | Noticed a greater mummy
 21017 | Zig:20   | Killed a greater mummy
 21017 | Zig:20   | Reached skill level 10 in Dodging
 21021 | Zig:20   | Noticed a greater mummy
 21028 | Zig:20   | Killed a greater mummy
 21040 | Zig:20   | Noticed a greater mummy
 21041 | Zig:20   | Killed a greater mummy
 21042 | Zig:20   | Noticed a greater mummy
 21042 | Zig:20   | Noticed a greater mummy
 21043 | Zig:20   | Killed a greater mummy
 21044 | Zig:20   | Killed a greater mummy
 21050 | Zig:20   | Noticed a greater mummy
 21061 | Zig:20   | Noticed a greater mummy
 21083 | Zig:21   | Entered Level 21 of a ziggurat
 21125 | Zig:21   | Noticed an ancient lich
 21126 | Zig:21   | Killed an ancient lich
 21272 | Zig:21   | Got a crude cloak
 21283 | Zig:21   | Identified the +2 cloak of the Burgomaster {rN+ rCorr} (You found it on level 21 of a ziggurat)
 21324 | Zig:22   | Entered Level 22 of a ziggurat
 21345 | Zig:22   | Reached skill level 15 in Dodging
 21354 | Zig:22   | Noticed Wavvih the pandemonium lord
 21358 | Zig:22   | Killed Wavvih the pandemonium lord
 21388 | Zig:22   | HP: 2/150 [Hell Sentinel/iron shot (66)]
 21390 | Zig:22   | Mangled by a Hell Sentinel

Vault maps used:
D:1:      dpeg_arrival_radiant
D:2:      ecumenical_altar_2, okawaru_trees_1
D:3:      serial_forest, infiniplex_forest_end_2, infiniplex_forest_lined_4_way,
          infiniplex_forest_straight_1, infiniplex_forest_end_1,
          infiniplex_forest_lined_corner, infiniplex_forest_lined_2,
          infiniplex_forest_straight_3
D:4:      first_bread, uniq_grinder
D:5:      fedhas_altar_1
D:6:      nicolae_ossuary_entry_catacombs, uniq_duvessa
D:7:      uniq_crazy_yiuf_cottage, uniq_prince_ribbit1, uniq_joseph
D:8:      serial_shops, shop, serial_bayou, serial_bayou_lake_a,
          serial_bayou_ford_a, serial_bayou_lagoon_a, serial_bayou_pond_e
D:9:      basic_altar, hangedman_ranch
D:10:     erik_lair_dragon, serial_undead, serial_undead_d, serial_undead_a,
          serial_undead_b, serial_undead_e, serial_shops, shop_statue,
          nicolae_shop_trees, serial_bayou_crossing
D:12:     orc_0_dummy, serial_shops, kennysheep_mini, lab_entry_generic
D:13:     erik_vaults_2, basic_altar
D:14:     minmay_tree_intersection, serial_shops, shop_statue, elyvilon_altar_4,
          uniq_azrael, uniq_roxanne
D:15:     hangedman_depths_entry_try_elsewhere_first, roderic_lattice_a
Temple:   dpeg_three_leaves_temple
Lair:1:   grunt_forest_large_clearings
Lair:2:   basic_altar, nicolae_volcano_entry_hallway, serial_bayou_shore_a,
          uniq_gastronok
Lair:3:   dpeg_oklob_gauntlet, swamp_mist, small_statue_intersection,
          lemuel_centaur_altar
Lair:4:   guppyfry_snake_entry_garden, nicolae_quartered_pool_medium,
          minivault_23, st_stairs_11, uniq_urug
Lair:5:   kennysheep_rathole, basic_altar, serial_bayou_pond_b,
          serial_bayou_shore_b
Lair:6:   hangedman_lair_tendril_chambers, wormcave,
          nicolae_slime_entry_slimehenge
Swamp:1:  nicolae_swamp_fairy_circle, swamp_pool1
Swamp:2:  nicolae_swamp_trees_clearing
Swamp:3:  nicolae_swamp_triple_paths, swamp_pool3, hangedman_swamp_muck
Swamp:4:  swamp_basic_johnstein, infiniplex_staircase_pool
Snake:1:  hangedman_snake_thin_pillar_pass, serial_bayou_shore_b, uniq_nikola,
          uniq_donald
Snake:2:  grunt_megastairs_3
Snake:3:  basic_altar, uniq_kirke, uniq_vashnia
Snake:4:  minmay_snake_end_coiled, serial_shops, shop, grunt_ministairs_7
Slime:2:  nicolae_slime_barrier
Orc:1:    basic_altar
Orc:2:    st_orc_ogre_mass, mines2_lemuel
Elf:1:    minmay_elf_arrival_plus, minmay_elf_annihilation
Elf:2:    serial_shops, bzr_entry_gold, enter_trove_3
Elf:3:    elf_hall, serial_shops, bzr_entry_customers, uniq_aizul
Vaults:1: hangedman_vaults_restitches, v_alt_pattern_1, vaults_room_corners,
          vaults_room_ringed_pool, hangedman_vaults_cutoff,
          vaults_room_large_hall, v_alt_pattern_2, serial_shops,
          nicolae_shop_temple_entry_statues_fountains
Vaults:2: hangedman_vaults_locks, minmay_crypt_entry_simple_plaza,
          nicolae_vaults_disjoint_gnomons, v_misc_25, vaults_dpeg_doors,
          nicolae_vaults_alarming, grunt_vaults_twisty, v_misc_15,
          v_alt_pattern_6, nicolae_vaults_little_squares_1,
          nicolae_vaults_little_squares_6, vaults_dpeg_diagonal,
          grunt_vaults_hallway_short
Vaults:3: ontoclasm_vaults_ring_small, v_misc_25, nicolae_vaults_theta,
          v_alt_pattern_1, ontoclasm_vaults_shuriken, v_misc_12,
          nicolae_vaults_little_squares_2, v_alt_pattern_6,
          hangedman_vaults_snaps, vaults_dpeg_hooks, grunt_vaults_swirl,
          v_misc_5, vaults_mumra_chevron_long, dpeg_vaults_monster_box
Vaults:4: vaults_standard_mumra_enter_the_diamond,
          nicolae_vaults_know_your_exits, v_rooms_5, v_misc_16,
          ontoclasm_vaults_gateway, hangedman_vaults_corner,
          nicolae_vaults_circle_grid_b, v_rooms_3, hangedman_vaults_restitches,
          grunt_vaults_hallway_short, ontoclasm_vaults_claustrophobia,
          serial_ice_g, serial_shops, shop, shop, shop_statue, shop, shop
Crypt:1:  uniq_margery
Crypt:2:  lemuel_elevator, uniq_sojobo
Crypt:3:  david_glass_crypt, nicolae_tomb_entry_unfolded_pyramid_orthogonal,
          uniq_bai_suzhen, uniq_frederick
Depths:1: enter_ziggurat_a, abyss_entry, roderic_st_hans_cross, hell_entry,
          laboratory, minmay_shop_grove
Zig:8:    ziggurat_pillar_centre_dead_trees
Zig:18:   ziggurat_pillar_centre_c
Zig:22:   ziggurat_pillar_centre_drop
Lab:      labyrinth_spiral, labyrinth_skeletal_remains, lab_statue,
          nicolae_lab_diamond, labyrinth_glass_1, nicolae_lab_blocks
Bazaar:   bazaar_long_row, bazaar_minmay_trees
Ossuary:  ossuary_tomb_3
Volcano:  volcano_lake

Skill      XL: |  1  2  3  4  5  6  7  8  9 10 11 12 13 14 15 16 17 18 19 20 21 22 23 24 25 26 27 |
---------------+----------------------------------------------------------------------------------+-----
Conjurations   | 5 6 7 8 9 10 12 14 15 17 18 19 20 21 22 23 24 | 24.2
Spellcasting   | 4 5 6 7 8 10 11 13 14 16 17 18 19 20 21 22 23 24 26 27 | 27.0
Charms         | 1 5 7 10 | 10.2
Dodging        | 3 6 7 9 16 | 16.5
Fire Magic     | 3 6 9 11 14 16 17 18 19 20 21 | 21.9
Shields        | 4 |  4.0
Fighting       | 4 5 9 |  9.5
Translocations | 5 6 7 13 14 15 17 | 17.1
Necromancy     | 4 5 |  5.0
Earth Magic    | 5 22 | 22.3
Evocations     | 1 10 13 | 13.2
Stealth        | |  2.4

Action                   |  1- 3 |  4- 6 |  7- 9 | 10-12 | 13-15 | 16-18 | 19-21 | 22-24 | 25-27 || total
-------------------------+-------+-------+-------+-------+-------+-------+-------+-------+-------++-------
Melee: Falchion          |     4 |    32 |     7 |       |       |       |       |       |       ||    43
       Short sword       |       |       |    16 |    12 |    20 |    37 |    18 |    27 |     2 ||   132
       Staff             |       |       |       |       |     4 |     2 |       |     3 |       ||     9
 Cast: Magic Dart        |    44 |    29 |    94 |   209 |   334 |   221 |    30 |       |       ||   961
       Searing Ray       |     2 |    12 |    23 |     7 |     6 |       |       |       |       ||    50
       Iskenderun's Batt |       |       |    23 |    62 |    79 |    55 |    10 |       |       ||   229
       Iskenderun's Myst |       |       |    11 |    72 |   135 |     5 |     2 |       |       ||   225
       Fireball          |       |       |       |       |    62 |   243 |    98 |    70 |    19 ||   492
       Bolt of Magma     |       |       |       |       |     2 |       |       |       |       ||     2
       Regeneration      |       |       |       |       |     8 |    21 |    26 |    25 |     4 ||    84
       Bolt of Fire      |       |       |       |       |     4 |    51 |    26 |     2 |       ||    83
       Delayed Fireball  |       |       |       |       |     2 |     2 |       |       |       ||     4
       Apportation       |       |       |       |       |       |    38 |     4 |     5 |     3 ||    50
       Ring of Flames    |       |       |       |       |       |     8 |     2 |     5 |       ||    15
       Fire Storm        |       |       |       |       |       |     2 |   144 |    78 |   142 ||   366
       Passage of Golubr |       |       |       |       |       |     1 |     1 |       |       ||     2
       Iron Shot         |       |       |       |       |       |       |    36 |    10 |     6 ||    52
       Summon Butterflie |       |       |       |       |       |       |     1 |       |       ||     1
       Lee's Rapid Decon |       |       |       |       |       |       |       |    20 |       ||    20
       Repel Missiles    |       |       |       |       |       |       |       |     1 |       ||     1
       Controlled Blink  |       |       |       |       |       |       |       |       |     1 ||     1
 Abil: Release Delayed F |       |       |       |       |     1 |     3 |       |       |       ||     4
Evoke: Wand              |       |       |       |       |     3 |       |     1 |       |     3 ||     7
       Phial of floods   |       |       |       |       |       |       |     1 |     1 |     2 ||     4
       Staff of energy   |       |       |       |       |       |       |    39 |   133 |    37 ||   209
       Figurine of a zig |       |       |       |       |       |       |       |     1 |       ||     1
  Use: Scroll            |       |    10 |     8 |    14 |    14 |    19 |    10 |     7 |    17 ||    99
       Potion            |       |     1 |     2 |     4 |     4 |     5 |     5 |     6 |    14 ||    41
 Stab: Sleeping          |     1 |       |       |       |       |       |       |       |       ||     1
       Distracted        |       |       |       |       |       |       |       |       |     1 ||     1
  Eat: Chunk             |       |     1 |     9 |    11 |     6 |     1 |    41 |     9 |     2 ||    80
       Pizza             |       |       |     2 |       |       |     1 |     8 |     7 |       ||    18
       Fruit             |       |       |       |     5 |     4 |     1 |       |       |       ||    10
       Royal jelly       |       |       |       |       |     1 |       |       |       |     2 ||     3
       Beef jerky        |       |       |       |       |     1 |     1 |       |       |       ||     2
       Bread ration      |       |       |       |       |       |     4 |       |     2 |     1 ||     7
       Meat ration       |       |       |       |       |       |       |     1 |     1 |       ||     2
Armor: Robe              |       |     7 |     4 |     9 |       |       |       |     6 |    10 ||    36
       Troll hide        |       |       |       |    15 |    14 |       |     2 |       |       ||    31
       Ring mail         |       |       |       |       |    10 |    61 |       |       |       ||    71
       Skin              |       |       |       |       |       |       |     5 |       |       ||     5
       Troll leather arm |       |       |       |       |       |       |       |     7 |       ||     7
Dodge: Dodged            |     9 |    25 |    18 |    51 |    84 |    90 |    79 |    48 |    61 ||   465
       Deflected         |       |       |       |       |       |       |       |     4 |     1 ||     5
Block: Buckler           |       |       |       |       |     3 |    37 |    43 |    37 |    18 ||   138
